 Dungeon Crawl Stone Soup version 0.21.1-1-g345015f (webtiles) character file.

251 Hebeh the Chopper (level 5, -6/49 HPs)
             Began as a Deep Dwarf Fighter on June 23, 2018.
             Mangled by an ogre
             ... wielding a +0 giant spiked club
              (23 damage)
             ... on level 4 of the Dungeon.
             The game lasted 00:08:13 (2610 turns).

Hebeh the Chopper (Deep Dwarf Fighter)              Turns: 2610, Time: 00:08:13

Health: -6/49      AC:  7    Str: 20    XL:     5   Next: 88%
Magic:  5/5        EV:  7    Int:  9    God:
Gold:   227        SH:  9    Dex: 12    Spells: 4/4 levels left

rFire    . . .     SeeInvis .   a - +1 war axe
rCold    . . .     Gourm    .   c - +0 shield
rNeg     . . .     Faith    .   b - +0 scale mail
rPois    .         Spirit   .   (no helmet)
rElec    .         Reflect  .   (no cloak)
rCorr    .         Harm     .   (no gloves)
MR       .....                  (no boots)
Stlth    ..........             (no amulet)
HPRegen  0.00/turn              (no ring)
MPRegen  0.09/turn              (no ring)

@: non-regenerating
A: damage resistance, heal wounds, sense surroundings 1, no regeneration
a: Heal Wounds


You were on level 4 of the Dungeon.
You were not hungry.

You visited 1 branch of the dungeon, and saw 4 of its levels.

You collected 227 gold pieces.

Inventory:

Hand Weapons
 a - a +1 war axe (weapon)
Armour
 b - a +0 scale mail (worn)
 c - a +0 shield (worn)
Jewellery
 e - a cursed -2 ring of evasion
Wands
 n - a wand of acid (13)
 t - a wand of flame (16)
Scrolls
 i - a scroll of amnesia
 l - a scroll of remove curse
 o - 2 scrolls of teleportation
 p - a scroll of identify
 q - a scroll of enchant weapon
Potions
 d - 2 potions of might
 g - a potion of magic {unknown}
 h - a potion of mutation {unknown}
 j - 3 potions of curing {unknown}
 k - a potion of cancellation {unknown}
 r - 2 potions of ambrosia {unknown}
 s - 2 potions of heal wounds
Comestibles
 f - 10 rations
 m - 8 chunks of flesh


   Skills:
 + Level 3.6 Fighting
 * Level 4.6 Axes
 + Level 4.3 Armour
 + Level 4.3 Shields


You had 4 spell levels left.
You didn't know any spells.

Dungeon Overview and Level Annotations

Branches:
Dungeon (4/15)
 Temple: D:4-7

Altars:
Nemelex Xobeh
Zin


Innate Abilities, Weirdness & Mutations

You are resistant to damage.
You can heal yourself by infusing magical energy.
You passively map a small area around you.
You do not regenerate.


Message History

You block the hound's attack.
You hit the hound but do no damage.
The hound is heavily wounded.
Your shield prevents you from hitting the ogre.
The hound bites you but does no damage.
The ogre hits you with a giant spiked club!
* * * LOW HITPOINT WARNING * * *
The hound bites you but does no damage.
You feel much better. The hound bites you. The ogre completely misses you.
You slash the ogre!
The ogre is moderately wounded.
You hit the hound but do no damage. The hound bites you.
You block the hound's attack.
The ogre hits you with a giant spiked club!
Some of the chunks of flesh in your inventory have rotted away.
You slash the ogre!
The ogre is almost dead.
You hit the hound. You block the hound's attack. x2
The ogre hits you with a giant spiked club!!
You die...

# ##................# #.#
#
##..####.#..##..######[##
#### ##.#
#.#..##...........
...####
###.####.#..###.######.##
....... .........#..#
#........# ##.####
.....##..#..# ########.#
...# .....*#..#..# #.#
#### ......#..#..# #.# #
* .......@...####* ### #
, ......Oh....... #*,
....#...##.#### # *
....#...#*.# ... #...# ,#
* ** **## *#.... , , , *
#...# * , ....# * *
*##...# *


You could see an ogre and a hound.

Vanquished Creatures
  A centaur skeleton (D:4)
  An orc priest (D:4)
  An orc wizard (D:3)
  Natasha (D:3)
  2 worker ants (D:4)
  Terence (D:2)
  3 adders
  A dart slug (D:1)
  7 orcs
  A giant cockroach (D:3)
  5 goblins
  4 hobgoblins
  A quokka (D:4)
  8 bats
  5 frilled lizards
  2 kobolds (D:3)
  4 rats
48 creatures vanquished.

Notes
Turn   | Place    | Note
-------+----------+-------------------------------------------
     0 | D:1      | Hebeh the Deep Dwarf Fighter began the quest for the Orb.
     0 | D:1      | Reached XP level 1. HP: 20/20 MP: 1/1
   279 | D:1      | Reached XP level 2. HP: 25/27 MP: 2/2
   979 | D:2      | Noticed Terence
   987 | D:2      | Reached XP level 3. HP: 27/33 MP: 3/3
   992 | D:2      | Killed Terence
  1123 | D:2      | You fall through a shaft for 2 floors!
  1196 | D:3      | Found a sparkling altar of Nemelex Xobeh.
  1346 | D:3      | Reached XP level 4. HP: 27/42 MP: 4/4
  1605 | D:2      | Found a faded altar of an unknown god.
  1673 | D:2      | Found a glowing silver altar of Zin.
  1673 | D:2      | Noticed an angel
  1727 | D:3      | Noticed Natasha
  1738 | D:3      | Killed Natasha
  1914 | D:3      | Reached XP level 5. HP: 49/49 MP: 5/5
  2597 | D:4      | Noticed an ogre
  2610 | D:4      | Mangled by an ogre

Skill      XL: |  1  2  3  4 |
---------------+-------------+-----
Axes           | 3 4 |  4.6
Fighting       | 3 |  3.6
Armour         | 4 |  4.3
Shields        | 4 |  4.3

Action                   |  1- 3 |  4- 6 || total
-------------------------+-------+-------++-------
Melee: War axe           |    82 |    82 ||   164
 Abil: Heal Wounds       |       |     3 ||     3
  Use: Scroll            |       |     6 ||     6
  Eat: Chunk             |     1 |     1 ||     2
       Ration            |       |     1 ||     1
Armor: Scale mail        |    49 |    39 ||    88
Dodge: Dodged            |    31 |    21 ||    52
Block: Shield            |    39 |    48 ||    87
